 Dungeon Crawl Stone Soup version 0.31.0-9-g3a7656b989 (webtiles) character file.

Game seed: 14274907142432821515

1551 qw the Nimble (level 8, -1/39 HPs)
             Began as a Spriggan Hunter on Feb 2, 2024.
             Was a Priest of Okawaru.
             Killed from afar by a white imp (12 damage)
             ... with a puff of frost
             ... on level 6 of the Dungeon.
             The game lasted 00:00:19 (4160 turns).

qw the Nimble (Spriggan Hunter)                     Turns: 4160, Time: 00:00:19

Health: -1/39      AC:  2    Str:  6    XL:     8   Next: 57%
Magic:  12/12      EV: 26    Int:  9    God:    Okawaru [***...]
Gold:   263        SH:  0    Dex: 25    Spells: 7/7 levels left

rFire   . . .        a - +0 shortbow
rCold   . . .        (shield currently unavailable)
rNeg    . . .        c - +0 robe
rPois   .            (helmet restricted)
rElec   .            (no cloak)
rCorr   .            (gloves unavailable)
SInv    +            (boots unavailable)
Will    +....        f - amulet of faith
Stlth   ++           (no ring)
HPRegen 0.26/turn    (no ring)
MPRegen 0.13/turn

%: faith
@: very quick
A: very small, no large weapons, unfitting armour, see invisible, speed 3, agile
1, MP-powered wands
a: Renounce Religion, Heroism


You were on level 6 of the Dungeon.
You worshipped Okawaru.
Okawaru was most pleased with you.
You visited 2 branches of the dungeon, and saw 8 of its levels.

You collected 263 gold pieces.


Innate Abilities, Weirdness & Mutations

You are very small and have problems with some larger weapons.
You are too small for most types of armour.
You have supernaturally acute eyesight. (SInv)
You cover ground extremely quickly. (Speed+++)
You are agile. (Dex +4, Str/Int -1)
You expend magic power (3 MP) to strengthen your wands.


   Skills:
 + Level 2.5 Fighting
 - Level 8.1 Ranged Weapons
 - Level 9.0 Dodging
 - Level 1.5 Stealth
 - Level 4.0 Invocations


You had 7 spell levels left.
You didn't know any spells.
Your spell library was empty.

Inventory:

Hand Weapons
 a - a +0 shortbow (weapon)
Armour
 c - a +0 robe (worn)
Jewellery
 e - a ring of ice
 f - an amulet of faith (around neck)
Scrolls
 i - a scroll of enchant armour {unknown}
 k - a scroll of vulnerability {unknown}
Potions
 b - a potion of resistance
 d - a potion of mutation
 g - a potion of enlightenment
 h - a potion of haste {unknown}
 j - a potion of curing

Dungeon Overview and Level Annotations

Branches:
Dungeon (7/15)             Temple (1/1) D:4

Altars:
Ashenzari
Cheibriados
Dithmenos
Elyvilon
Fedhas
Gozag
Hepliaklqana
Kikubaaqudgha
Makhleb
Nemelex Xobeh
Okawaru
Qazlal
Ru
Sif Muna
Trog
Vehumet
Wu Jian
Xom
Yredelemnul
Zin
The Shining One

Annotations:
D:3 1 runed translucent door


Message History

i - a scroll labelled EZICHA SUHOR A malevolent force fills the Dungeon...
You fall into a shaft and drop 1 floor!
The shaft crumbles and collapses.
Found a chain mail.
Found a stone staircase leading up.
Waypoint 7 assigned to D:7.
4132 ||| READING scroll labelled EZICHA SUHOR.
As you read the scroll labelled EZICHA SUHOR, it crumbles to dust.
Wisps of shadow whirl around you...
The shadows disperse without effect.
It was a scroll of summoning.
What level of the Dungeon? (default 6, ? - help)
Found 4 stones.
There is a stone staircase leading up here.
You climb upwards.
Found 13 gold pieces and a scroll labelled QETHAPNEMM.
There is a stone staircase leading down here.
You now have 263 gold pieces (gained 13).
i - a scroll labelled QETHAPNEMM
Found a long sword.
k - a scroll labelled TYGIUGG TOKHLAL A white imp and a bullfrog come into view.
Found a stone staircase leading up.
You shoot an arrow. The arrow hits the white imp!
The white imp shouts, "Turn tail, thou pecksniffian swag-bellied jarkman!"
The white imp is severely wounded.
The white imp gestures at you. The puff of frost hits you!
You shoot an arrow. The arrow hits the bullfrog!
The bullfrog is moderately wounded.
The white imp gestures at you. The puff of frost hits you!
You shoot an arrow. The arrow hits the bullfrog.
The bullfrog is heavily wounded.
The bullfrog hits you!
The bullfrog swells and bulges.
The bullfrog hits you.
You shoot an arrow. The arrow misses the bullfrog.
The bullfrog misses you. The white imp gestures at you.
The puff of frost hits you!
You die...

### #..
##.#### #5#
.......#.# ##
#..@## #.#
##F#.###.#
#<##.#.#
.#.##.#######
.#
#.#.......#
.#
##........#
##
#.#.......#
#..........#
...##.......#


You could see a bullfrog and a white imp.

Vanquished Creatures
  Pikel (D:5)
  Sigmund (D:2)
  An ice beast (D:4)
  3 ogres (D:5)
  A phantom (D:4)
  2 lemures (D:5)
  Blork the orc (D:5)
  A howler monkey (D:5)
  4 hounds
  4 iguanas
  3 orc wizards
  4 adders
  A ribbon worm (D:2)
  3 dart slugs
  12 orcs
  5 endoplasms
  3 giant cockroaches
  9 goblins
  6 hobgoblins
  3 jackals (D:2)
  3 quokkas
  4 ball pythons
  4 bats
  3 frilled lizards
  5 kobolds
  4 rats
91 creatures vanquished.

Notes
Turn   | Place    | Note
-------+----------+-------------------------------------------
     0 | D:1      | qw the Spriggan Hunter began the quest for the Orb.
     0 | D:1      | Reached XP level 1. HP: 10/10 MP: 2/2
     0 | D:1      | 0 ||| qw: Version: 0.3-a-155-g5e7d8dd
     0 | D:1      | 0 ||| qw: Game counter: 1080
     0 | D:1      | 0 ||| qw: Melee chars always use a shield: true
     0 | D:1      | 0 ||| qw: God list: Okawaru
     0 | D:1      | 0 ||| qw: Allow faded altars: false
     0 | D:1      | 0 ||| qw: Do Orc after clearing Dungeon:15 true
     0 | D:1      | 0 ||| qw: Do second Lair branch before Depths: true
     0 | D:1      | 0 ||| qw: Lair rune preference: random
     0 | D:1      | 0 ||| qw: Goals: Normal
     0 | D:1      | 0 ||| PLANNING D:1-11
   119 | D:1      | Reached skill level 3 in Dodging
   356 | D:1      | Reached XP level 2. HP: 14/14 MP: 3/3
   414 | D:1      | Reached skill level 4 in Dodging
   705 | D:1      | 705 ||| UPGRADING to amulet of faith.
   710 | D:1      | 710 ||| DROPPING scroll of butterflies.
   804 | D:2      | Noticed Sigmund
   806 | D:2      | 806 ||| RETREEEEATING.
   807 | D:2      | 807 ||| RETREEEEATING.
   808 | D:2      | 808 ||| RETREEEEATING.
   809 | D:2      | 809 ||| RETREEEEATING.
   810 | D:2      | 810 ||| RETREEEEATING.
   819 | D:2      | HP: 3/14 [Sigmund/+0 scythe (10)]
   828 | D:2      | Reached XP level 3. HP: 7/18 MP: 4/4
   830 | D:2      | Killed Sigmund
   831 | D:2      | Reached skill level 6 in Ranged Weapons
   831 | D:2      | Reached XP level 4. HP: 10/22 MP: 5/5
   831 | D:2      | Reached XP level 5. HP: 11/25 MP: 6/6
  1204 | D:2      | 1204 ||| DROPPING ring of magical power.
  1205 | D:2      | 1205 ||| READING scroll labelled ORORULI UZEGG.
  1306 | D:2      | 1306 ||| DRINKING 2 metallic amethyst potions.
  1307 | D:2      | 1307 ||| DROPPING potion of invisibility.
  1538 | D:3      | Found a runed translucent door.
  1538 | D:3      | Noticed a human
  1543 | D:3      | Found a basalt altar of Yredelemnul.
  2185 | D:4      | Noticed an ice beast
  2187 | D:4      | 2187 ||| RETREEEEATING.
  2189 | D:4      | 2189 ||| RETREEEEATING.
  2190 | D:4      | 2190 ||| RETREEEEATING.
  2191 | D:4      | 2191 ||| RETREEEEATING.
  2192 | D:4      | 2192 ||| RETREEEEATING.
  2193 | D:4      | 2193 ||| RETREEEEATING.
  2197 | D:4      | Killed an ice beast
  2198 | D:4      | Reached skill level 5 in Dodging
  2198 | D:4      | Reached XP level 6. HP: 30/30 MP: 7/7
  2274 | D:4      | Reached skill level 6 in Dodging
  2364 | D:4      | Found a staircase to the Ecumenical Temple.
  2365 | D:4      | 2365 ||| PLANNING TEMPLE
  2365 | D:4      | 2365 ||| READING scroll labelled COCIPR IGAGGA.
  2365 | D:4      | 2365 ||| IDENTIFYING murky dark potion
  2366 | D:4      | 2366 ||| DROPPING potion of ambrosia.
  2430 | Temple   | Entered the Ecumenical Temple
  2431 | Temple   | 2431 ||| PLANNING OKAWARU WORSHIP
  2453 | Temple   | Became a worshipper of Warmaster Okawaru
  2454 | Temple   | 2454 ||| PLANNING D:1-11
  2512 | D:4      | Found a sparkling altar of Nemelex Xobeh.
  2512 | D:4      | Found a stormy altar of Qazlal.
  2561 | D:4      | Reached XP level 7. HP: 33/35 MP: 8/8
  2926 | D:4      | 2926 ||| DRINKING 2 yellow potions.
  2926 | D:4      | Gained mutation: You are agile. (Dex +4, Str/Int -1)
                  | [potion of mutation]
  2926 | D:4      | Gained mutation: You expend magic power (3 MP) to
                  | strengthen your wands. [potion of mutation]
  2927 | D:4      | 2927 ||| DRINKING 3 brown potions.
  2928 | D:4      | 2928 ||| DRINKING 2 coppery potions.
  2929 | D:4      | 2929 ||| DROPPING 2 potions of brilliance.
  2972 | D:5      | Entered Level 5 of the Dungeon
  3005 | D:5      | Reached skill level 7 in Dodging
  3041 | D:5      | Reached * piety under Okawaru
  3052 | D:5      | Reached skill level 1 in Invocations
  3054 | D:5      | Reached skill level 8 in Dodging
  3207 | D:5      | Noticed Blork the orc
  3216 | D:5      | Killed Blork the orc
  3485 | D:5      | 3485 ||| READING scroll labelled WUENUC NIYMA.
  3492 | D:4      | Found a sacrificial altar of Ru.
  3497 | D:4      | 3497 ||| READING scroll of identify.
  3497 | D:4      | 3497 ||| IDENTIFYING silvery potion
  3528 | D:5      | Noticed Pikel
  3529 | D:5      | 3529 ||| RETREEEEATING.
  3537 | D:5      | 3537 ||| INVOKING Heroism.
  3545 | D:5      | Killed Pikel
  3545 | D:5      | Reached ** piety under Okawaru
  3546 | D:5      | Reached XP level 8. HP: 25/39 MP: 7/12
  3551 | D:5      | Reached *** piety under Okawaru
  3611 | D:5      | Reached skill level 9 in Dodging
  4013 | D:5      | 4013 ||| DROPPING ring of flight.
  4014 | D:5      | 4014 ||| READING scroll of identify.
  4014 | D:5      | 4014 ||| IDENTIFYING fuming red potion
  4015 | D:5      | 4015 ||| READING scroll labelled JAUFAVVENAE.
  4082 | D:5      | 4082 ||| READING scroll labelled TOMUDE UVYKLO.
  4131 | D:6      | You fall into a shaft and drop 1 floor!
  4132 | D:7      | 4132 ||| READING scroll labelled EZICHA SUHOR.
  4160 | D:6      | Killed from afar by a white imp

Levels and vault maps discovered:
D:1:      kilobyte_arrival_exit_the_forest, layout_loops_cross,
          minmay_pentomino_q2
D:2:      layout_rooms, uniq_sigmund
D:3:      layout_basic, dk_yredelemnul_ordeal
D:4:      layout_rooms, nicolae_overflow_hidden_temple,
          minmay_temple_entry_tees, minmay_bisected
D:5:      layout_basic, uniq_pikel, uniq_blork_the_orc
D:6:      layout_loops_cross, ebering_ghost_rock_garden,
          serial_library_hellmonk_statue_hall
D:7:      layout_rooms, feat_on_display, uniq_duvessa
Temple:   bh_familiar_temple

Skill      XL: |  1  2  3  4  5  6  7  8 |
---------------+-------------------------+-----
Dodging        | 3 4 5 6 8 9 |  9.0
Ranged Weapons | 6 7 8 |  8.1
Fighting       | 2 |  2.5
Invocations    | 4 |  4.0
Stealth        | |  1.5

Action                     |  1- 3 |  4- 6 |  7- 9 || total
---------------------------+-------+-------+-------++-------
   Fire: Shortbow          |   101 |   141 |   163 ||   405
 Invoke: Heroism           |       |       |     1 ||     1
    Use: Scroll            |       |     2 |     6 ||     8
         Potion            |       |     1 |     3 ||     4
 Armour: Robe              |     6 |    13 |    23 ||    42
  Dodge: Dodged            |    35 |    42 |    77 ||   154

Table legend:
 A = Non-vault XP
 B = Vault XP
 C = Vault XP percentage of total XP
 D = Non-vault monster count
 E = Vault monster count
 F = Vault count percentage of total count
                 A         B        C        D         E       F
            +---------+---------+-------+---------+---------+-------
      Total |    1113 |    1103 |  49.8 |      81 |       8 |   9.0
            +---------+---------+-------+---------+---------+-------
        D:1 |      24 |       4 |  14.3 |      16 |       2 |  11.1
        D:2 |      36 |     214 |  85.6 |      18 |       1 |   5.3
        D:3 |      22 |       0 |   0.0 |      13 |       0 |   0.0
        D:4 |     391 |     148 |  27.5 |      20 |       3 |  13.0
        D:5 |     640 |     737 |  53.5 |      14 |       2 |  12.5
            +---------+---------+-------+---------+---------+-------
